 Dungeon Crawl Stone Soup version 0.31.0-9-g3a7656b989 (console) character file.

Game seed: 7815901477256335362

256 AlterAsc the Ruffian (level 6, 0/38 HPs)
             Began as an Octopode Shapeshifter on Feb 1, 2024.
             Was an Initiate of Gozag.
             Slain by a gnoll
             ... wielding a +1 spear of freezing
             ... led by a gnoll bouda
              (2 damage)
             ... on level 7 of the Dungeon.
             The game lasted 00:10:43 (3234 turns).

AlterAsc the Ruffian (Octopode Shapeshifter)        Turns: 3234, Time: 00:10:44

Health: 0/38       AC:  1    Str: 16    XL:     6   Next: 16%
Magic:  6/6        EV: 11    Int: 12    God:    Gozag
Gold:   73         SH:  7    Dex: 11    Spells: 5/5 levels left

rFire   . .          .
                       - Unarmed
rCold   . . .        p - +0 kite shield
rNeg    + . .        (helmet currently unavailable)
rPois   .            (no amulet)
rElec   .            k - ring of positive energy
rCorr   .            q - ring of willpower
SInv    .            v - ring of flight
Will    +....        (no ring)
Stlth   ++           (no ring)
HPRegen 0.26/turn    (no ring)
MPRegen 0.10/turn    (no ring)
                     (no ring)

%: no passive effects
@: beast-form, weakened, flying
A: beast (slay +1), almost no armour, amphibious, 8 rings, camouflage 1,
gelatinous body 1, (nimble swimmer 1), tentacles
a: Begin Untransformation, Renounce Religion, Potion Petition, Call Merchant,
Bribe Branch


You were on level 7 of the Dungeon.
You worshipped Gozag.
Gozag was noncommittal.
You were a hulking beast.
You visited 1 branch of the dungeon, and saw 7 of its levels.

You collected 129 gold pieces.
You paid 56 gold pieces to Gozag.

Inventory:

Missiles
 g - 30 stones (quivered)
Armour
 p - a +0 kite shield (worn)
Jewellery
 k - a ring of positive energy (left tentacle)
 q - a ring of willpower (right tentacle)
 v - a ring of flight (on tentacle)
Talismans
 b - a beast talisman
 c - a flux talisman
Wands
 a - a wand of quicksilver (9)
 j - a wand of flame (18)
Scrolls
 e - a scroll of identify
 f - 2 scrolls of teleportation
 h - a scroll of enchant armour {unknown}
 n - 2 scrolls of butterflies {unknown}
 o - a scroll of acquirement {unknown}
 r - a scroll of blinking {unknown}
 s - a scroll of vulnerability {unknown}
 u - a scroll of enchant weapon {unknown}
Potions
 d - a potion of ambrosia
 i - a potion of degeneration {unknown}
 l - a potion of curing {unknown}
 m - 2 potions of attraction
 t - a potion of brilliance {unknown}


   Skills:
 - Level 1.0 Fighting
 - Level 2.0 Dodging
 + Level 6.7 Unarmed Combat
 - Level 3.0 Shapeshifting


You had 5 spell levels left.
You didn't know any spells.
Your spell library contained the following spells:

 Spells                   Type           Power      Damage    Failure   Level
 Ensorcelled Hibernation  Hex/Ice        0%         N/A       86%         2
 Scorch                   Fire           0%         2d5       86%         2
 Passwall                 Erth           0%         N/A       98%         3
 Swiftness                Air            0%         N/A       98%         3
 Flame Wave               Conj/Fire      0%         2d4       100%        4
 Summon Cactus Giant      Summ           0%         N/A       100%        6


Dungeon Overview and Level Annotations

Branches:
Dungeon (8/15)
 Temple: D:4-7         Lair: D:8-11

Altars:
Cheibriados
Gozag
Nemelex Xobeh
Qazlal
Yredelemnul

Shops:
D:3 :   D:4 :

Annotations:
D:2 1 exclusion, Sigmund
D:3 1 runed translucent door, Crazy Yiuf, Natasha
D:4 4 runed translucent doors, exclusion: sky beast, Pikel


Innate Abilities, Weirdness & Mutations

You are a hulking beast.
Your limbs bulge with bestial killing power. (Slay +1)
You cannot wear most types of armour.
You are amphibious.
You can wear up to eight rings at the same time.
Your skin changes colour to match your surroundings (Stealth+).
Your rubbery body absorbs attacks. (AC +1, EV +1)
((You are camouflaged when in or above water. (Stealth+)))
You have tentacles for arms and can constrict up to eight enemies at once.


Message History

The gnoll bouda gazes fiercely through you!
You feel your attacks grow feeble.
You hear a shout!
You see here a +0 ring mail.
The gnoll bouda gazes fiercely through you!
You feel as though you will be weak longer.
You see here a maw talisman.
Your attacks no longer feel as feeble.
The gnoll bouda barks out a call to the hunt!
There is a stone staircase leading down here.
You start waiting.
A gnoll bouda is nearby!
A gnoll comes into view. It is wielding a +1 spear of freezing.
The gnoll shouts!
You block the gnoll bouda's attack.
You tentacle-slap the gnoll bouda. Your grab misses the gnoll bouda.
The gnoll bouda is lightly wounded.
The gnoll bouda hits you with a +0 whip.
The gnoll bouda hits you with a +0 whip!
You tentacle-slap the gnoll bouda. You grab the gnoll bouda.
The gnoll bouda is heavily wounded.
You constrict the gnoll bouda.
The gnoll bouda gazes fiercely through you!
You feel your attacks grow feeble.
The gnoll bouda hits you with a +0 whip!
Okay, then.
You release your grip on the gnoll bouda.
The gnoll bouda attacks as it pursues you!
The gnoll bouda hits you with a +0 whip!
* * * LOW HITPOINT WARNING * * *
As you read the scroll labelled QECAPT ZAUKOOR, it crumbles to dust.
It is a scroll of identify.
d - a potion of ambrosia The gnoll bouda barks out a call to the hunt!
The gnoll picks up the pace!
The gnoll hits you from afar with a +1 spear of freezing.
* * * LOW HITPOINT WARNING * * *
The gnoll freezes you.
You die...
Your body crumbles into a pile of gold.

# #.# # #.#
#########.########
'................#
#########......#.#
..........####.#.#
.########.####.#.#
.#..........##.#.#
.#.######.#.##.#.#
.#.# #.#....#.#
.#.######.# ####h#
........>.######g#
.#.#####)g..g..g.#
.#.# #.#########
♣♣♣♣ #.# #.# #.#
#.# #.# #.# #.#


You could see a gnoll bouda and a gnoll (swift).

Vanquished Creatures
  3 lemures
  A wight (D:7)
  A bombardier beetle (D:4)
  Jessica (D:2)
  Ijyb (D:3)
  Robin (D:4)
  4 adders
  A dart slug (D:1)
  5 orcs
  2 endoplasms
  3 giant cockroaches
  12 goblins
  8 hobgoblins
  3 jackals (D:3)
  4 quokkas
  7 ball pythons
  7 bats
  5 frilled lizards
  4 kobolds
  6 rats
79 creatures vanquished.

Notes
Turn   | Place    | Note
-------+----------+-------------------------------------------
     0 | D:1      | AlterAsc the Octopode Shapeshifter began the quest for the
                  | Orb.
     0 | D:1      | Reached XP level 1. HP: 13/13 MP: 1/1
   199 | D:1      | Reached XP level 2. HP: 18/18 MP: 2/2
   526 | D:1      | Reached skill level 4 in Unarmed Combat
   551 | D:1      | Reached XP level 3. HP: 23/23 MP: 3/3
  1198 | D:2      | Noticed Sigmund
  1260 | D:2      | Noticed Jessica
  1270 | D:2      | Killed Jessica
  1271 | D:2      | Reached XP level 4. HP: 13/28 MP: 4/4
  1527 | D:3      | Reached skill level 5 in Unarmed Combat
  1577 | D:3      | Found a stormy altar of Qazlal.
  1616 | D:3      | Found a basalt altar of Yredelemnul.
  1736 | D:3      | Noticed Natasha
  1842 | D:3      | Found Wocuwit's Book Boutique.
  1862 | D:3      | Noticed Ijyb
  1879 | D:3      | Killed Ijyb
  2047 | D:3      | Found a runed translucent door.
  2048 | D:3      | Noticed Crazy Yiuf
  2116 | D:4      | Reached XP level 5. HP: 33/33 MP: 5/5
  2153 | D:4      | Found a large runed translucent door.
  2153 | D:4      | Found a large runed translucent door.
  2154 | D:4      | Found Byckot's Self-Published Books.
  2204 | D:4      | Reached skill level 6 in Unarmed Combat
  2247 | D:4      | Noticed a sky beast
  2270 | D:4      | Found a large runed translucent door.
  2270 | D:4      | Found a large runed translucent door.
  2316 | D:4      | Noticed a phantom
  2428 | D:4      | Noticed a lemure
  2429 | D:4      | Noticed a lemure
  2429 | D:4      | Noticed Robin
  2429 | D:4      | Noticed a lemure
  2468 | D:3      | Killed a lemure
  2546 | D:3      | Killed a lemure
  2672 | D:4      | Killed a lemure
  2677 | D:4      | Noticed Pikel
  2722 | D:4      | Noticed a lemure
  2759 | D:4      | Killed Robin
  2883 | D:4      | Found a snail-covered altar of Cheibriados.
  2886 | D:4      | Found an opulent altar of Gozag.
  2887 | D:4      | Found a sparkling altar of Nemelex Xobeh.
  2893 | D:4      | Became a worshipper of Gozag Ym Sagoz the Greedy
  2940 | D:5      | Entered Level 5 of the Dungeon
  2976 | D:5      | You are sucked into a shaft and drop 3 floors!
  2989 | D:7      | Noticed an ice beast
  3002 | D:7      | Reached XP level 6. HP: 20/38 MP: 6/6
  3234 | D:7      | Slain by a gnoll

Illustrated notes

Levels and vault maps discovered:
D:1:      dpeg_arrival_lava_temple_mockup, layout_loops_corners,
          serial_bayou_pond_b, serial_bayou_ford_a,
          minmay_misc_feat_four_crosses, amcnicky_mini_corridor_feature,
          minivault_25
D:2:      minmay_inner_zag, layout_basic, minmay_surrounded, uniq_jessica,
          uniq_sigmund
D:3:      layout_rooms, nicolae_qazlal_general_emergency,
          mainiacjoe_overflow_concentric_impassable, serial_shops, shop,
          fountainhead, uniq_natasha, uniq_crazy_yiuf_cottage, uniq_ijyb
D:4:      nicolae_cairo_tiling, layout_cave_pools, minitemple,
          nicolae_custom_books, minmay_hollow_rounded_squares, uniq_pikel,
          uniq_robin
D:5:      layout_cave_pods, uniq_duvessa
D:7:      layout_basic, riverfiend_overflow_shadow_ancestor,
          mainiacjoe_overflow_alcove_1, uniq_maurice
D:8:      minmay_distorted_concentric_squares, layout_cave_pools,
          serial_gnoll_camp, gnoll_camp_medium_02, gnoll_camp_mini_sergeant,
          gnoll_camp_mini_doghouse, gnoll_camp_mini_hut

Skill      XL: |  1  2  3  4  5 |
---------------+----------------+-----
Unarmed Combat | 4 5 6 |  6.7
Fighting       | |  1.0
Dodging        | |  2.0
Shapeshifting  | |  3.0

Action                     |  1- 3 |  4- 6 || total
---------------------------+-------+-------++-------
  Melee: Unarmed           |    57 |    87 ||   144
         Constrict         |    13 |    22 ||    35
         Tentacles         |     8 |    15 ||    23
         Punch             |     1 |     2 ||     3
  Throw: Stone             |     6 |     2 ||     8
    Use: Potion            |       |     2 ||     2
         Scroll            |       |     3 ||     3
   Stab: Sleeping          |     4 |     3 ||     7
 Armour: Skin              |    18 |    56 ||    74
  Dodge: Dodged            |    45 |    27 ||    72
  Block: Kite shield       |       |    22 ||    22
